3459 views
Uploaded 2020-04-21 17:18:35
Game version 1.32.3
16:28 long 1on1 custom game on (2)ConcealedHill
Game name "W3Champions-20-UxBfCGKE71"
Saved by Dziango
3459 views
Uploaded 2020-04-21 17:18:35
Game version 1.32.3
16:28 long 1on1 custom game on (2)ConcealedHill
Game name "W3Champions-20-UxBfCGKE71"
21 units @ 3.5k
/ 0.5k
11 buildings @ 1.8k
/ 0.5k



| Rod of Necromancy | 4 | 600 |
| Orb of Corruption | 1 | 375 |
| Scroll of Healing | 1 | 250 |
| Potion of Lesser Invulnerability | 2 | 300 |
| total: | 8 | 1525g |
| Acolyte | 5 | 375 | / | 0 |
| Ghoul | 2 | 240 | / | 0 |
| Crypt Fiend | 9 | 1935 | / | 360 |
| Obsidian Statue | 5 | 1000 | / | 175 |
| total: | 21 | 3550g | / | 535w |
| Ziggurat | 5 | 750 | / | 250 |
| Altar of Darkness | 1 | 180 | / | 50 |
| Crypt | 1 | 200 | / | 50 |
| Tomb of Relics | 1 | 130 | / | 30 |
| Graveyard | 1 | 215 | / | 0 |
| Necropolis | 1 | 225 | / | 0 |
| Slaughterhouse | 1 | 140 | / | 135 |
| Halls of the Dead | 1 | 320 | / | 210 |
| Black Citadel | 1 | 325 | / | 230 |
| total: | 11 | 1840g | / | 515w |
| 0:01 | Acolyte |
| 0:04 | Ziggurat |
| 0:07 | Altar of Darkness |
| 0:13 | Acolyte |
| 0:32 | Crypt |
| 0:40 | Acolyte |
| 0:56 | Tomb of Relics |
| 1:16 | Graveyard |
| 1:32 | Ghoul |
| 1:40 | Ghoul |
| 2:08 | Rod of Necromancy |
| 2:11 | Death Coil |
| 2:39 | Halls of the Dead |
| 2:50 | Crypt Fiend |
| 3:08 | Ziggurat |
| 3:26 | Rod of Necromancy |
| 3:50 | Unholy Aura |
| 4:00 | Crypt Fiend |
| 4:09 | Crypt Fiend |
| 5:11 | Black Citadel |
| 5:35 | Slaughterhouse |
| 5:38 | Death Coil |
| 5:49 | Ziggurat |
| 5:59 | Frost Armor |
| 6:04 | Rod of Necromancy |
| 6:16 | Ziggurat |
| 6:44 | Obsidian Statue |
| 6:50 | Burrow |
| 7:02 | Obsidian Statue |
| 7:39 | Crypt Fiend |
| 7:40 | Creature Attack |
| 8:06 | Frost Nova |
| 8:20 | Orb of Corruption |
| 8:22 | Rod of Necromancy |
| 8:51 | Potion of Lesser Invulnerability |
| 9:21 | Howl of Terror |
| 9:40 | Crypt Fiend |
| 10:13 | Crypt Fiend |
| 10:59 | Crypt Fiend |
| 11:02 | Ziggurat |
| 11:04 | Improved Creature Attack |
| 11:19 | Web |
| 11:37 | Potion of Lesser Invulnerability |
| 11:37 | Scroll of Healing |
| 11:42 | Cleaving Attack |
| 12:13 | Acolyte |
| 12:15 | Crypt Fiend |
| 12:23 | Frost Nova |
| 12:34 | Unholy Aura |
| 13:26 | Obsidian Statue |
| 13:41 | Howl of Terror |
| 13:53 | Obsidian Statue |
| 13:57 | Acolyte |
| 14:10 | Creature Carapace |
| 14:28 | Necropolis |
| 15:01 | Crypt Fiend |
| 15:34 | Obsidian Statue |
| 15:54 | Frost Armor |
44 units @ 5.8k
/ 0.7k
11 buildings @ 1.8k
/ 0.6k


| Healing Salve | 6 | 600 |
| Lesser Clarity Potion | 4 | 280 |
| Scroll of Speed | 2 | 100 |
| Potion of Healing | 1 | 150 |
| Potion of Mana | 1 | 200 |
| Scroll of Healing | 1 | 250 |
| Potion of Lesser Invulnerability | 1 | 150 |
| total: | 16 | 1730g |
| Peon | 7 | 525 | / | 0 |
| Grunt | 2 | 400 | / | 0 |
| Troll Headhunter | 14 | 1960 | / | 280 |
| Shaman | 7 | 910 | / | 140 |
| Troll Berserker | 14 | 1960 | / | 280 |
| total: | 44 | 5755g | / | 700w |
| Altar of Storms | 1 | 180 | / | 50 |
| Orc Burrow | 5 | 800 | / | 200 |
| Barracks | 1 | 180 | / | 50 |
| Voodoo Lounge | 1 | 130 | / | 30 |
| War Mill | 1 | 205 | / | 0 |
| Spirit Lodge | 2 | 300 | / | 300 |
| Stronghold | 1 | 315 | / | 190 |
| Fortress | 1 | 325 | / | 190 |
| total: | 11 | 1795g | / | 630w |
| 0:02 | Peon |
| 0:02 | Peon |
| 0:02 | Peon |
| 0:06 | Altar of Storms |
| 0:18 | Orc Burrow |
| 0:33 | Barracks |
| 0:41 | Peon |
| 1:01 | Peon |
| 1:19 | Peon |
| 1:29 | Peon |
| 1:33 | Grunt |
| 1:45 | Orc Burrow |
| 2:06 | War Stomp |
| 2:15 | Voodoo Lounge |
| 2:39 | Grunt |
| 2:44 | War Mill |
| 3:10 | Stronghold |
| 3:26 | Healing Salve |
| 3:27 | Lesser Clarity Potion |
| 3:27 | Scroll of Speed |
| 3:39 | Orc Burrow |
| 3:55 | Troll Headhunter |
| 4:22 | Endurance Aura |
| 4:24 | Troll Headhunter |
| 4:36 | Steel Ranged Weapons |
| 4:41 | Orc Burrow |
| 4:52 | Troll Headhunter |
| 4:59 | Healing Salve |
| 5:09 | Troll Headhunter |
| 5:36 | War Stomp |
| 5:43 | Potion of Healing |
| 5:46 | Healing Salve |
| 6:47 | Troll Headhunter |
| 6:50 | Fortress |
| 7:03 | Troll Headhunter |
| 7:07 | Spirit Lodge |
| 7:09 | Spirit Lodge |
| 7:12 | Healing Wave |
| 7:24 | Troll Headhunter |
| 7:28 | Steel Armor |
| 7:51 | Healing Salve |
| 7:51 | Scroll of Speed |
| 8:04 | Troll Regeneration |
| 8:18 | Troll Headhunter |
| 8:31 | Troll Headhunter |
| 8:34 | Shaman Adept Training |
| 8:56 | Troll Headhunter |
| 9:07 | Troll Headhunter |
| 9:14 | Berserker Upgrade |
| 9:15 | Troll Headhunter |
| 9:17 | Orc Burrow |
| 9:19 | Reinforced Defenses |
| 9:21 | Shaman |
| 9:29 | Troll Headhunter |
| 9:38 | Troll Headhunter |
| 9:41 | Endurance Aura |
| 9:45 | Hex |
| 10:06 | Troll Berserker |
| 10:06 | Troll Berserker |
| 10:07 | Shaman Master Training |
| 10:19 | Troll Berserker |
| 10:39 | Troll Berserker |
| 10:54 | Troll Berserker |
| 10:57 | Shaman |
| 10:59 | Lesser Clarity Potion |
| 11:05 | Healing Salve |
| 11:09 | Lesser Clarity Potion |
| 11:19 | Potion of Mana |
| 11:40 | Troll Berserker |
| 11:43 | Shaman |
| 11:48 | Potion of Lesser Invulnerability |
| 12:02 | Shaman |
| 12:11 | Scroll of Healing |
| 12:19 | Troll Berserker |
| 12:31 | Shaman |
| 12:54 | Troll Berserker |
| 13:18 | Troll Berserker |
| 13:33 | Healing Wave |
| 13:41 | Troll Berserker |
| 13:48 | Troll Berserker |
| 14:16 | Lesser Clarity Potion |
| 14:16 | Healing Salve |
| 14:29 | Troll Berserker |
| 14:49 | Shaman |
| 15:12 | Troll Berserker |
| 15:52 | Troll Berserker |
| 15:59 | Shaman |